 Dungeon Crawl Stone Soup version 0.30.1-6-gbe392663c4 (webtiles) character file.

Game seed: 11637074905194236886

177 Kurtz the Chopper (level 5, -11/32 HPs)
             Began as a Tengu Fighter on Sept 20, 2023.
             Was an Initiate of Okawaru.
             Killed by nerve-wracking pain
             ... invoked by an orc priest
              (14 damage)
             ... on level 4 of the Dungeon.
             The game lasted 00:02:06 (2382 turns).

Kurtz the Chopper (Tengu Fighter)                   Turns: 2382, Time: 00:02:07

Health: -11/32     AC:  6    Str: 18    XL:     5   Next: 57%
Magic:  6/6        EV: 10    Int:  8    God:    Okawaru [......]
Gold:   87         SH:  5    Dex: 14    Spells: 4/4 levels left

rFire   + . .        a - +0 war axe
rCold   . . .        c - +0 buckler
rNeg    . . .        b - +0 scale mail
rPois   +            (helmet restricted)
rElec   .            (no cloak)
rCorr   .            (no gloves)
SInv    .            (boots unavailable)
Will    .....        (no amulet) Stlth
                     k - ring of poison resistance
HPRegen 0.25/turn    r - ring of protection from fire
MPRegen 0.10/turn

%: no passive effects
@: flying quickly and evasively, quick
A: beak, talons 3, nimble flight
a: Renounce Religion


You were on level 4 of the Dungeon.
You worshipped Okawaru.
Okawaru was noncommittal.
You visited 1 branch of the dungeon, and saw 4 of its levels.

You collected 87 gold pieces.

Inventory:

Hand Weapons
 a - a +0 war axe (weapon)
Missiles
 l - 7 poisoned darts (quivered)
Armour
 b - a +0 scale mail (worn)
 c - a +0 buckler (worn)
Jewellery
 k - a ring of poison resistance (left hand)
 r - a ring of protection from fire (right hand)
 s - a ring of resist corrosion
Wands
 p - a wand of flame (21)
 u - a wand of iceblast (9)
Scrolls
 g - 2 scrolls of noise {unknown}
 h - 2 scrolls of teleportation {unknown}
 i - a scroll of enchant weapon {unknown}
 m - a scroll of blinking {unknown}
 o - 4 scrolls of identify {unknown}
 q - a scroll of fog {unknown}
 t - 2 scrolls of vulnerability {unknown}
 v - a scroll of enchant armour {unknown}
Potions
 d - a potion of might
 e - a potion of attraction {unknown}
 f - a potion of brilliance {unknown}
 j - a potion of lignification {unknown}
 n - 2 potions of flight {unknown}
 w - a potion of heal wounds {unknown}
 x - a potion of mutation {unknown}


   Skills:
 - Level 3.0 Fighting
 * Level 6.1 Axes
 - Level 3.2 Armour
 * Level 0.2 Dodging
 - Level 3.0 Shields
 * Level 0.1 Invocations


You had 4 spell levels left.
You didn't know any spells.
Your spell library contained the following spells:

 Spells                   Type           Power      Damage    Failure   Level
 Apportation              Tloc           0%         N/A       86%         1
 Alistair's Intoxication  Tmut/Pois      0%         N/A       100%        5


Dungeon Overview and Level Annotations

Branches:
Dungeon (4/15)
 Temple: D:4-7

Altars:
Elyvilon
Okawaru

Shops:
D:1 (


Innate Abilities, Weirdness & Mutations

You have a beak for a mouth.
You have claws for feet.
Your magical nature lets you fly swiftly and evasively.


Message History

You kill the orc priest!
Okawaru accepts your kill.
Your Axes skill increases to level 6!
Unknown command.
No target in view!
No target in view!
Unknown command.
No target in view!
An orc priest comes into view. It is wielding a +0 short sword.
The orc priest shouts!
You hear a shout! x2
The orc priest invokes the aid of Beogh against you.
Beogh smites you!
Things that are here:
a +0 club; a +0 leather armour You hit the orc priest.
The orc priest is lightly wounded.
The orc priest mumbles some strange prayers to Beogh against you.
Beogh smites you!
* * * LOW HITPOINT WARNING * * *
You closely miss the orc priest. Your kick misses the orc priest.
The orc priest is lightly wounded.
The orc priest hits you with a +0 short sword.
* * * LOW HITPOINT WARNING * * *
You are too injured to fight recklessly!
You hit the orc priest. Your peck misses the orc priest.
The orc priest is moderately wounded.
The orc priest calls down the wrath of Beogh upon you.
You barely resist.
A kobold comes into view. It is wielding a +0 dagger.
The orc priest hits you with a +0 short sword.
* * * LOW HITPOINT WARNING * * *
You closely miss the orc priest. You peck the orc priest.
The orc priest is heavily wounded.
The orc priest misses you.
You hit the orc priest.
You peck the orc priest, but do no damage.
The orc priest is almost dead.
The orc priest invokes the aid of Beogh against you.
Pain shoots through your body!
You die...

### . #.## #.
###..#
#.#...<#
.#......##
...<....#.#
........#.###
..........).#
...####..@..#
... #..o###
....K##
....#...
#.♣.♣#♣# # #


You could see an orc priest and a kobold.

Vanquished Creatures
  An orc priest (D:4)
  Robin (D:2)
  7 adders
  2 dart slugs (D:2)
  3 orcs
  A ball python (D:2)
  6 endoplasms
  4 giant cockroaches
  12 goblins
  5 hobgoblins
  4 jackals (D:3)
  4 quokkas
  2 bats
  2 frilled lizards
  5 kobolds
  7 rats
66 creatures vanquished.

Notes
Turn   | Place    | Note
-------+----------+-------------------------------------------
     0 | D:1      | Kurtz the Tengu Fighter began the quest for the Orb.
     0 | D:1      | Reached XP level 1. HP: 14/14 MP: 2/2
    99 | D:1      | Reached XP level 2. HP: 19/19 MP: 3/3
   190 | D:1      | Reached skill level 3 in Axes
   270 | D:1      | Found Xuxe's Antique Weapon Shoppe.
   844 | D:2      | Reached XP level 3. HP: 21/23 MP: 4/4
   931 | D:2      | Reached skill level 4 in Axes
   935 | D:2      | Noticed Robin
   945 | D:2      | Killed Robin
   957 | D:2      | Reached XP level 4. HP: 10/28 MP: 5/5
  1193 | D:2      | Found a white marble altar of Elyvilon.
  1639 | D:3      | Reached skill level 5 in Axes
  1990 | D:3      | Gained mutation: Your magical nature lets you fly swiftly
                  | and evasively. [Tengu growth]
  1990 | D:3      | Reached XP level 5. HP: 32/32 MP: 6/6
  2077 | D:3      | Found an iron altar of Okawaru.
  2102 | D:3      | Became a worshipper of Warmaster Okawaru
  2375 | D:4      | Reached skill level 6 in Axes
  2382 | D:4      | Killed from afar by an orc priest

Illustrated notes

Levels and vault maps discovered:
D:1:      minmay_arrival_glassed_features, layout_basic, serial_shops,
          nicolae_shop_back_alley_shop
D:2:      layout_loops_ring, basic_altar, uniq_robin
D:3:      layout_basic, lemuel_crystal_altar, kennysheep_generic_room_14
D:4:      layout_cave_pools, mainiacjoe_overflow_tiny_flanked, serial_forest,
          infiniplex_forest_clump_small, infiniplex_forest_corner_1,
          infiniplex_forest_end_2, infiniplex_forest_lined_3_way,
          infiniplex_forest_lined_room_2, infiniplex_forest_lined_corner,
          infiniplex_forest_end_2, infiniplex_forest_clump_tiny, uniq_natasha,
          uniq_grinder

Skill      XL: |  1  2  3  4  5 |
---------------+----------------+-----
Axes           | 3 4 5 6 |  6.1
Fighting       | |  3.0
Armour         | |  3.2
Dodging        | |  0.2
Shields        | |  3.0
Invocations    | |  0.1

Action                     |  1- 3 |  4- 6 || total
---------------------------+-------+-------++-------
  Melee: War axe           |    52 |    68 ||   120
         Kick              |    14 |    12 ||    26
         Peck              |     6 |     8 ||    14
 Armour: Scale mail        |    19 |    25 ||    44
  Dodge: Dodged            |    19 |    23 ||    42
  Block: Buckler           |     7 |    12 ||    19
